 Dungeon Crawl Stone Soup version 0.30-a0-378-g86d51d8b50 (webtiles) character file.

Game seed: 1011289884134672434

224 Bnni the Shield-Bearer (level 6, -3/49 HPs)
             Began as a Formicid Fighter on Dec 1, 2022.
             Slain by an ogre
             ... wielding a +0 giant club
              (31 damage)
             ... on level 4 of the Dungeon.
             The game lasted 00:05:32 (3145 turns).

Bnni the Shield-Bearer (Formicid Fighter)           Turns: 3145, Time: 00:05:33

Health: -3/49      AC: 10    Str: 22    XL:     6   Next: 20%
Magic:  6/6        EV:  7    Int:  8    God:
Gold:   153        SH:  5    Dex: 13    Spells: 5/5 levels left

rFire   . . .      SeeInvis +    a - +0 trident
rCold   . . .      Faith    .    c - +0 buckler
rNeg    . . .      Spirit   .    s - +0 chain mail
rPois   .          Reflect  .    (helmet unavailable)
rElec   .          Harm     .    (no cloak)
rCorr   .          Rampage  .    (no gloves)
Will    .....                    e - +0 pair of boots
Stlth   ..........               (no amulet)
HPRegen 0.28/turn                (no ring)
MPRegen 0.10/turn                (no ring)

@: no status effects
A: permanent stasis, dig shafts and tunnels, antennae 3, four strong arms
a: Dig, Shaft Self


You were on level 4 of the Dungeon.
You visited 1 branch of the dungeon, and saw 4 of its levels.

You collected 153 gold pieces.

Inventory:

Hand Weapons
 a - a +0 trident (weapon)
Missiles
 j - a poisoned dart
Armour
 c - a +0 buckler (worn)
 e - a +0 pair of boots (worn)
 s - a +0 chain mail (worn)
Wands
 q - a wand of iceblast (8)
Scrolls
 b - a scroll of butterflies {unknown}
 h - 2 scrolls of enchant weapon {unknown}
 i - a scroll of immolation {unknown}
 k - 2 scrolls of teleportation {unknown}
 m - a scroll of blinking {unknown}
 r - 2 scrolls of identify {unknown}
Potions
 d - a potion of might
 f - 3 potions of curing {unknown}
 g - 3 potions of degeneration {unknown}
 l - a potion of mutation {unknown}
 n - a potion of flight {unknown}
 o - 4 potions of heal wounds {unknown}
 p - a potion of invisibility {unknown}


   Skills:
 + Level 4.6 Fighting
 * Level 4.7 Polearms
 - Level 3.2 Armour
 - Level 5.0 Shields


You had 5 spell levels left.
You didn't know any spells.
Your spell library contained the following spells:

 Spells                   Type           Power      Damage    Failure   Level
 Tukima's Dance           Hex            0%         N/A       100%        3
 Passage of Golubria      Tloc           0%         N/A       100%        4
 Yara's Violent Unravell  Hex/Tmut       0%         3d3       100%        5


Dungeon Overview and Level Annotations

Branches:
Dungeon (4/15)
 Temple: D:4-7

Altars:
Fedhas
Vehumet
Zin

Shops:
D:4 (=!=


Innate Abilities, Weirdness & Mutations

You cannot be hasted, slowed, berserked, paralysed or teleported.
You can dig through walls and to a lower floor.
You have a pair of large antennae on your head. (SInv)
Your four strong arms can wield two-handed weapons with a shield.


Message History

You see here 3 gold pieces.
You puncture the ogre!
The ogre is heavily wounded.
The ogre closely misses you.
You hit the ogre.
The ogre is heavily wounded.
Throw: 5 darts (poison)
Press: ? - help, Shift-Dir - straight line, f - ogre
Aim: an ogre, wielding a +0 giant club (heavily wounded, 74% to hit)
You throw a poisoned dart. The poisoned dart hits the ogre.
The ogre is poisoned.
The ogre is heavily wounded.
The ogre barely misses you.
Throw: 4 darts (poison)
Press: ? - help, Shift-Dir - straight line, f/p - ogre
Aim: an ogre, wielding a +0 giant club (heavily wounded, poisoned, 74% to hit)
You throw a poisoned dart. The poisoned dart hits the ogre.
The ogre looks even sicker.
The ogre is heavily wounded.
You block the ogre's attack.
Throw: 3 darts (poison)
Press: ? - help, Shift-Dir - straight line, f/p - ogre
Aim: an ogre, wielding a +0 giant club (heavily wounded, very poisoned, 74% to hit)
You throw a poisoned dart. The poisoned dart hits the ogre.
The ogre looks even sicker.
The ogre is heavily wounded.
The ogre barely misses you.
Unknown command.
Okay, then.
Throw: 2 darts (poison)
Press: ? - help, Shift-Dir - straight line, f/p - ogre
Aim: an ogre, wielding a +0 giant club (heavily wounded, very poisoned, 74% to hit)
You throw a poisoned dart. The poisoned dart hits the ogre.
The ogre looks as sick as possible!
The ogre is heavily wounded.
You barely miss the ogre.
The ogre is heavily wounded.
The ogre hits you with a +0 giant club!!
Ouch! That really hurt!
You die...

## .# .# .# .#
..# .# ###.#
.# #...# .#
#.#.#
.########
#.O.#
..(.....##
#@#.#
#######..####
#...#
##....####.#.#
####...##...#
###.####)#
#......#
########


You could see an ogre (extremely poisoned).

Vanquished Creatures
  An orc priest (D:4)
  Ijyb (D:3)
  An orc wizard (D:4)
  A gnoll (D:1)
  3 adders
  3 worms
  7 dart slugs
  5 orcs
  9 bats
  5 endoplasms
  11 goblins
  3 hobgoblins
  3 jackals (D:1)
  3 quokkas
  10 ball pythons
  4 frilled lizards
  12 kobolds
  4 rats
86 creatures vanquished.

Vanquished Creatures (others)
  A plant (D:2)
1 creature vanquished.

Grand Total: 87 creatures vanquished

Notes
Turn   | Place    | Note
-------+----------+-------------------------------------------
     0 | D:1      | Bnni the Formicid Fighter began the quest for the Orb.
     0 | D:1      | Reached XP level 1. HP: 18/18 MP: 1/1
   105 | D:1      | Reached XP level 2. HP: 24/24 MP: 2/2
   432 | D:1      | Reached XP level 3. HP: 29/29 MP: 3/3
  1027 | D:2      | You fall into a shaft and drop 1 floor!
  1030 | D:3      | Found a glowing silver altar of Zin.
  1050 | D:3      | Reached XP level 4. HP: 37/37 MP: 4/4
  1101 | D:3      | Reached skill level 5 in Shields
  1770 | D:2      | Reached XP level 5. HP: 42/42 MP: 5/5
  2114 | D:3      | Found a radiant altar of Vehumet.
  2125 | D:3      | Noticed Ijyb
  2147 | D:3      | Killed Ijyb
  2492 | D:3      | Found a blossoming altar of Fedhas.
  2675 | D:4      | Reached XP level 6. HP: 44/49 MP: 6/6
  2717 | D:4      | Found Burast's Jewellery Shoppe.
  2718 | D:4      | Found Bumetey's Distillery.
  2721 | D:4      | Found Xet Etul's Weapon Shop.
  2721 | D:4      | Found Hyar's Jewellery Shoppe.
  3137 | D:4      | Noticed an ogre
  3145 | D:4      | Slain by an ogre

Illustrated notes

Levels and vault maps discovered:
D:1:      dpeg_arrival_snail, layout_basic, corexii_item_surrounded_by_moat,
          minmay_misc_feat_four_crosses, hangedman_feature_mirror
D:2:      layout_loops_corners, serial_forest, infiniplex_forest_clump_medium,
          infiniplex_forest_straight_4, infiniplex_forest_zigzag_1,
          infiniplex_forest_end_1, infiniplex_forest_lined_1,
          infiniplex_forest_clump_tiny, grunt_ministairs_4, minmay_hexomino_p4
D:3:      kennysheep_the_goblin_king, layout_rooms,
          mainiacjoe_overflow_tiny_flanked, mainiacjoe_overflow_cross_hatched,
          fedhas_altar_fruit_tree
D:4:      layout_basic, nicolae_wooded_promenade,
          chequers_serial_rivers_large_b, nicolae_hexahallways,
          hangedman_minor_gate_pass

Skill      XL: |  1  2  3  4  5 |
---------------+----------------+-----
Polearms       | 3 4 |  4.7
Shields        | 5 |  5.0
Fighting       | 4 |  4.6
Armour         | |  3.2

Action                   |  1- 3 |  4- 6 || total
-------------------------+-------+-------++-------
Melee: Trident           |    98 |   193 ||   291
Throw: Dart              |       |     4 ||     4
Armor: Scale mail        |    36 |    91 ||   127
       Chain mail        |       |     8 ||     8
Dodge: Dodged            |    27 |    74 ||   101
Block: Buckler           |    16 |    49 ||    65

Table legend: (Time is in decaauts)
 A = Elapsed time spent in this place.
 B = Non-inter-level travel time spent in this place.
 C = Inter-level travel time spent in this place.
 D = Time resting spent in this place.
 E = Time spent auto-exploring this place.
 F = Levels seen in this place.
 G = Mean time per level.
                   A        B        C        D        E       F      G
               +--------+--------+--------+--------+--------+-----+--------+
         Total |   3193 |   3097 |     96 |      0 |   2402 |   4 |  798.2 |
       Dungeon |   3193 |   3097 |     96 |      0 |   2402 |   4 |  798.2 |
               +--------+--------+--------+--------+--------+-----+--------+

Top non-repeatable levels by time:
     D:2: 1068 daAuts
     D:1: 970 daAuts
     D:3: 624 daAuts
     D:4: 530 daAuts
